[Event "Teplice Open 2022"]
[Site "Teplice"]
[Date "2022.06.18"]
[Round "1.1"]
[White "Santos Latasa, Jaime"]
[Black "Riebel, Werner"]
[Result "1-0"]
[ECO "A06"]
[WhiteElo "2672"]
[BlackElo "2118"]
[Annotator "TA"]
[PlyCount "38"]
[EventDate "2022.06.18"]
[EventType "swiss"]
[EventCountry "CZE"]
[SourceTitle "playchess.com"]
[Source "ChessBase"]
[SourceQuality "1"]
[TimeControl "40/5400+30:1800+30"]

1. Nf3 d5 2. e3 Bg4 3. h3 Bxf3 4. Qxf3 e6 5. b3 Nf6 6. Bb2 {[%emt 0:00:08] A06: Réti Opening: 1 Nf3 d5.} Nbd7 7. g4 h6 8. h4 {[%emt 0:01:09] White has an edge.} Bd6 9. g5 hxg5 10. hxg5 Rxh1 11. Qxh1 Ne4 12. d3 Nec5 {[%emt 0:01:32] [#]} 13. g6 $146 (13. Bxg7 $6 Qxg5 14. Bc3 (14. Qh8+ Ke7 $17) 14... O-O-O $11) (13. f4 $16) ({Predecessor:} 13. Qh8+ Bf8 14. Bxg7 Qxg5 15. Bxf8 Nxf8 16. Nd2 Ncd7 17. Nf3 Qf6 18. Qxf6 Nxf6 19. d4 N8d7 20. Bd3 Ke7 21. Ke2 Rg8 22. Rh1 Rg2 23. Kf1 Rg8 {½-½ (23) Lovric,B (2283)-Jurkovic,H (2433) Rijeka 2004}) 13... f6 14. Qh8+ Bf8 15. Qg8 {[%emt 0:00:17][%csl Gg6][%cal Rg8f7] [#] White is more active.} Qe7 {[%emt 0:00:30] Inhibits Qf7+.} 16. Ba3 b5 $2 (16... f5 $11) 17. Nd2 {[%emt 0:07:03] Hoping for d4.} c6 (17... Rb8 {was called for.} 18. d4 b4) 18. d4 $18 Nd3+ 19. Bxd3 ({Less strong is} 19. cxd3 Qxa3 20. Qxe6+ Kd8 21. Qxc6 Nb6 $18) 19... Qxa3 {[%emt 0:00:11] Weighted Error Value: White=0.11 (very precise) /Black=0.59} 1-0

[Event "Teplice Open 2022"]
[Site "Teplice"]
[Date "2022.06.18"]
[Round "1.2"]
[White "Dougherty, Michael"]
[Black "Narayanan.S.L"]
[Result "1-0"]
[ECO "D40"]
[WhiteElo "2115"]
[BlackElo "2662"]
[Annotator "TA"]
[PlyCount "52"]
[EventDate "2022.06.18"]
[EventType "swiss"]
[EventCountry "CZE"]
[SourceTitle "playchess.com"]
[Source "ChessBase"]
[SourceQuality "1"]
[TimeControl "40/5400+30:1800+30"]

1. Nf3 c5 2. c4 Nc6 3. Nc3 Nf6 4. e3 e6 5. d4 d5 6. a3 a6 7. Bd3 dxc4 8. Bxc4 b5 9. Bd3 cxd4 10. exd4 Be7 11. O-O O-O 12. Be3 Bb7 13. Qe2 {[%emt 0:07:35] D40: Queen's Gambit Declined: Semi-Tarrasch with 5 e3.} Rc8 14. Rad1 Na5 15. Ne5 {[%emt 0:06:14] [#] Black has an edge.} Bxa3 $1 16. d5 (16. Nxb5 axb5) 16... exd5 {[%emt 0:16:41] [#] aiming for ...Bd6.} 17. Nxd5 $146 (17. bxa3 $15 Rxc3 18. Bd2) ({Predecessor:} 17. Bf5 Rxc3 18. bxc3 Qe7 19. Ng4 Re8 20. Qc2 Nxg4 21. Bxg4 Qe4 22. Qa2 Qxg4 23. Qxa3 {0-1 (65) Kainz,J (1925)-Jakits,L (2087) Austria 2015}) 17... Nxd5 $17 18. bxa3 Qe7 19. Bd2 {[%emt 0:08:24] [#]} ({Avoid the trap} 19. Qh5 $2 g6 20. Qg5 f6 21. Nxg6 Qg7 $19) 19... Nb3 {[%emt 0:04:54] Pair of Knights!} 20. Rfe1 Nxd2 21. Qxd2 Qxa3 22. Qg5 (22. Be4 $17 Rcd8 23. h3) 22... Qd6 ({Less strong is} 22... g6 23. Bxg6 hxg6 24. Nxg6 fxg6 25. Qxg6+ Kh8 26. Qh6+ Kg8 27. Qg6+ Kh8 28. Qh6+ Kg8 29. Qg6+ $11) 23. Bxh7+ $2 {[%emt 0:03:58][%mdl 8192] White does not recover from this.} (23. Be4 $17) 23... Kxh7 $19 {[%emt 0:00:19] Black is clearly winning.} 24. Re4 {[%emt 0:00:34] [#]} Nf4 $1 25. Qg4 (25. Ree1 Qh6) 25... Qxd1+ 26. Qxd1 Bxe4 {[%emt 0:00:16][%mdl 32768] Weighted Error Value: White=1.36/Black=0.09 (flawless) . Loss on time!?} 1-0

[Event "Teplice Open 2022"]
[Site "Teplice"]
[Date "2022.06.18"]
[Round "1.3"]
[White "Berkes, Ferenc"]
[Black "Pirola, Claudionor Alcides L"]
[Result "1-0"]
[ECO "D46"]
[WhiteElo "2654"]
[BlackElo "2114"]
[Annotator "TA"]
[PlyCount "63"]
[EventDate "2022.06.18"]
[EventType "swiss"]
[EventCountry "CZE"]
[SourceTitle "playchess.com"]
[Source "ChessBase"]
[SourceQuality "1"]
[TimeControl "40/5400+30:1800+30"]

1. d4 {[%emt 0:00:03] Lutz,C} d5 2. c4 e6 3. Nc3 c6 4. e3 Nf6 5. Nf3 Nbd7 6. Bd3 Bd6 7. O-O O-O 8. e4 dxc4 {[%emt 0:02:02] now scores much better than the old 8...dxe4.} 9. Bxc4 e5 10. Re1 (10. Be3 $14) 10... exd4 $11 {[%emt 0:04:46] D46: Semi-Slav: 5 e3 Nbd7 6 Bd3, Black avoids the Meran.} 11. Qxd4 Bc5 {[%emt 0:02:06] [#]} 12. Qd2 $146 ({Predecessor:} 12. Qd1 Ng4 13. Re2 Nde5 14. Qxd8 Rxd8 15. Bb3 Nxf2 16. Na4 Nfd3+ 17. Nxc5 Nxf3+ 18. gxf3 Nxc5 {½-½ (98) Szmetan,J (2394)-Ricardi,P (2554) Pinamar 2001 CBM 082 [Lutz,C]}) 12... Ng4 {[%emt 0:03:23] The position is equal.} 13. Nd1 {[%emt 0:00:14] [#] Black must now prevent e5.} Nde5 14. Nxe5 Nxe5 15. Bf1 Be6 16. Qc2 Bb6 17. Be3 Qh4 18. Bxb6 axb6 19. Qc3 f6 20. f3 Ra5 (20... Bxa2 $2 {[#]} 21. Rxa2 $1 Rxa2 22. Bc4+ Nxc4 23. Qxc4+ Kh8 24. g3 $18) (20... Qg5 $15) 21. Nf2 Rd8 (21... Rxa2 $2 22. Rxa2 Bxa2 23. b3 $18) ({Black should play} 21... Qg5 $11) 22. Rad1 Rxd1 (22... Raa8 $11 {keeps the balance.}) 23. Rxd1 $16 Rxa2 $2 (23... Ra8 $16) 24. Qb4 $2 ({Better is} 24. Rd6 $18) 24... b5 $2 (24... h6 $11 {and Black stays safe.}) 25. Qe7 $1 $18 Bd7 {[%emt 0:11:25] Against Qe8+} (25... Ra8 $142 26. Qxe6+ Kf8 27. Qd6+ Kg8) 26. Rxd7 Nxd7 27. Qe6+ ({Much less strong is} 27. Qxd7 Ra8 28. Qxb7 Rd8 29. Qxc6 Qg5 30. Bxb5 Qd2 $18) 27... Kf8 28. Qxa2 {[%emt 0:00:06] Threatens to win with Qa8+.} Qf4 29. Qa8+ Ke7 30. Qxb7 {[%emt 0:00:06] White is clearly winning.} Kd6 31. Qa7 Qd2 32. Nd3 {[%emt 0:00:33] Weighted Error Value: White=0.48/Black=0.86} 1-0

[Event "Teplice Open 2022"]
[Site "Teplice"]
[Date "2022.06.18"]
[Round "1.4"]
[White "Volek, Radomir"]
[Black "Demchenko, Anton"]
[Result "0-1"]
[ECO "C55"]
[WhiteElo "2113"]
[BlackElo "2654"]
[Annotator "TA"]
[PlyCount "44"]
[EventDate "2022.06.18"]
[EventType "swiss"]
[EventCountry "CZE"]
[SourceTitle "playchess.com"]
[Source "ChessBase"]
[SourceQuality "1"]
[TimeControl "40/5400+30:1800+30"]

1. e4 e5 2. Nf3 Nc6 3. Bc4 Nf6 4. d3 h6 5. c3 d6 6. O-O g6 {[%emt 0:00:20] 6...g5 is more fashionable.} 7. h3 {[%emt 0:03:53] C55: Two Knights: 4 d3, 4 d4 exd4 5 e5 and Max Lange Attack.} Bg7 8. Be3 O-O 9. Nbd2 {[%emt 0:00:40] The position is equal.} a6 $5 {[%emt 0:09:30][%mdl 4] [#] An interesting side line.} 10. a3 $146 ({Predecessor:} 10. Re1 d5 11. Bb3 Re8 12. exd5 Nxd5 13. Nf1 Be6 {½-½ (13) Diaz Calderon,S (1920)-Diaz Carias,S (1998) San Cristobal 2015}) 10... d5 11. Ba2 Re8 12. Qb3 Be6 {[%emt 0:05:03] [#] ...dxe4 is the strong threat.} 13. Qc2 (13. Qxb7 $2 Qd7 14. Bb6 dxe4 15. dxe4 Bxa2 16. Rxa2 Reb8 17. Qxc7 Qe6 $19) 13... Nh5 {[%emt 0:11:27] White must now prevent ...d4.} 14. d4 (14. g4 $11 {keeps the balance.} Nf6 15. g5) 14... dxe4 ({Black should play} 14... exd4 $17 15. Nxd4 Nxd4 16. cxd4 dxe4 17. Bxe6 Rxe6 18. Nxe4 Qe8) 15. Bxe6 (15. Nxe5 $15 Nxe5 16. Bxe6) 15... exf3 $19 ({And not} 15... Rxe6 16. Nxe4 exd4 17. cxd4 $11) 16. Bxf7+ Kxf7 17. Qb3+ Kf8 18. Nxf3 exd4 19. cxd4 Ne7 {[%emt 0:02:55] Strongly threatening ...Qd5.} 20. g4 {[%emt 0:02:20] [#]} (20. Qxb7 $17 Nf6 21. Rae1) 20... Nf6 $1 {[%emt 0:00:34] Black has a decisive advantage.} ({Not} 20... Qd7 21. gxh5 g5 22. Kh2 $14 (22. Bxg5 $2 hxg5 23. Nxg5 Qd5 $19)) 21. Ne5 Qd5 {[%emt 0:01:10] Against Qf7+} 22. Qc2 c6 {[%emt 0:01:18] Black took control after the opening.  Weighted Error Value: White=0.39/Black=0.07 (flawless)} 0-1

[Event "Teplice Open 2022"]
[Site "Teplice"]
[Date "2022.06.18"]
[Round "1.5"]
[White "Kollars, Dmitrij"]
[Black "Paseka, Matyas"]
[Result "1-0"]
[ECO "B51"]
[WhiteElo "2635"]
[BlackElo "2076"]
[Annotator "TA"]
[PlyCount "72"]
[EventDate "2022.06.18"]
[EventType "swiss"]
[EventCountry "CZE"]
[SourceTitle "playchess.com"]
[Source "ChessBase"]
[SourceQuality "1"]
[TimeControl "40/5400+30:1800+30"]

1. e4 c5 2. Nf3 d6 3. Bb5+ Nd7 4. c4 a6 5. Ba4 Ngf6 6. Nc3 {[%emt 0:00:07] B51: Sicilian: Moscow Variation (3 Bb5+) without 3...Bd7.} e6 7. d4 cxd4 8. Qxd4 {[%emt 0:00:12] The position is equal.} Be7 9. O-O O-O 10. Rd1 Qc7 11. Bxd7 {[%emt 0:01:57] aiming for Ba4.} Bxd7 12. Bf4 $1 Bc6 {[%emt 0:17:03] Threatens to win with ...e5.} 13. Bxd6 Bxd6 14. Qxd6 Qxd6 15. Rxd6 Bxe4 16. Ne5 $1 Rfd8 17. Rad1 {[%emt 0:04:20][%cal Ba1d1,Bd1d6,Bd6b6][%mdl 32] White is more active.} Rxd6 18. Rxd6 Rc8 {[%emt 0:01:10] [#]} 19. f3 $1 Bg6 {[%emt 0:05:32] [#]} 20. Na4 $146 ({Predecessor:} 20. Rb6 Rc7 21. c5 Rxc5 22. Rxb7 Kf8 23. f4 Ke8 24. h4 Nd5 25. Nxg6 hxg6 26. Ne4 {1-0 (49) Iniyan,P (2516)-Abdisalimov,A (2435) New Delhi 2022}) 20... Kf8 {[%emt 0:03:48] [#]} (20... Ne8 $16 21. Rd2 f6) 21. b4 $1 $18 Bb1 22. a3 Ba2 23. Rb6 Ne8 24. Rxb7 Rc7 (24... Nd6 $16 25. Ra7 Nxc4) 25. Rxc7 Nxc7 {[%emt 0:00:06][%mdl 4096] Endgame KBN-KNN} 26. Nc3 Bb3 27. Kf2 f6 28. Nd7+ Ke7 29. Nb6 Kd6 30. Ke3 Kc6 31. c5 e5 32. f4 exf4+ 33. Kxf4 Ne6+ 34. Ke3 {[%emt 0:00:20] White has a decisive advantage.} f5 35. Ne2 g5 36. g3 Bd5 {[%emt 0:01:15] Black did not feel at home in the position after the opening.  Weighted Error Value: White=0.02 (flawless) /Black=0.11 (very precise)} 1-0

[Event "Teplice Open 2022"]
[Site "Teplice"]
[Date "2022.06.18"]
[Round "1.6"]
[White "Holst, Per"]
[Black "Fridman, Daniel"]
[Result "0-1"]
[ECO "E11"]
[WhiteElo "2111"]
[BlackElo "2605"]
[Annotator "TA"]
[PlyCount "64"]
[EventDate "2022.06.18"]
[EventType "swiss"]
[EventCountry "CZE"]
[SourceTitle "playchess.com"]
[Source "ChessBase"]
[SourceQuality "1"]
[TimeControl "40/5400+30:1800+30"]

1. d4 d5 2. Nf3 Nf6 3. c4 e6 4. g3 Bb4+ 5. Bd2 a5 6. Bg2 O-O 7. Qc2 c5 {[%emt 0:00:08] E11: Bogo-Indian.} 8. dxc5 d4 9. O-O Nc6 {[%emt 0:00:10] The position is equal.} 10. Bf4 Bxc5 11. Nbd2 a4 {[%emt 0:07:34] [#]} 12. Ne5 $146 ({Predecessor:} 12. Rad1 Re8 13. Ne5 Nxe5 14. Bxe5 Nd7 15. Ne4 Nxe5 16. Nxc5 Qc7 17. Ne4 Rd8 18. Ng5 {1-0 (31) Ricardi,P (2464)-Lopez Azambuja,N (2318) Montevideo 2022}) 12... Nxe5 13. Bxe5 Ng4 14. Nf3 f6 15. Bf4 e5 16. Bd2 f5 17. h3 {[%emt 0:01:47] [#]} Nxf2 18. Rxf2 e4 19. Bg5 Qb6 20. Ne1 h6 21. Bc1 $1 g5 (21... Be6 {looks sharper.} 22. Rb1 Bb4 23. Nd3 exd3 24. Qxd3 Rf7) 22. Bxe4 $2 {[%emt 0:01:36] Loses the game.} fxe4 $19 23. Rxf8+ Bxf8 ({Inferior is} 23... Kxf8 24. Qxe4 Qe6 25. Qf3+ Qf7 26. g4 $11) 24. Qxe4 Bxh3 25. Nd3 Qe6 {[%emt 0:09:21] Against g4} 26. Nf2 Qxe4 27. Nxe4 Bg7 {[%emt 0:00:18][%cal Oa4a3] [#] aiming for ...a3!} 28. Nf2 Be6 {[%emt 0:00:34] And now ...a3 would win. This bishop pair is nice.} 29. c5 (29. Bd2 {was necessary.}) 29... Re8 30. Nd3 (30. Bd2 $142) 30... Bg4 {[%emt 0:00:18] Black is clearly winning.} 31. Bd2 Rxe2 32. Be1 Bf5 {[%emt 0:00:11] Weighted Error Value: White=0.44/Black=0.08 (flawless)} 0-1

[Event "Teplice Open 2022"]
[Site "Teplice"]
[Date "2022.06.18"]
[Round "1.7"]
[White "Azarov, Sergei"]
[Black "Lorscheid, Gerhard"]
[Result "1/2-1/2"]
[ECO "C41"]
[WhiteElo "2588"]
[BlackElo "2125"]
[Annotator "TA"]
[PlyCount "64"]
[EventDate "2022.06.18"]
[EventType "swiss"]
[EventCountry "CZE"]
[SourceTitle "playchess.com"]
[Source "ChessBase"]
[SourceQuality "1"]
[TimeControl "40/5400+30:1800+30"]

1. e4 d6 2. d4 Nf6 3. Nc3 e5 4. Nf3 Nbd7 5. Bc4 Be7 6. O-O O-O 7. Re1 c6 8. a4 h6 {[%emt 0:01:09] The modern move.} 9. h3 Re8 10. Be3 {[%emt 0:08:07] C41: Philidor Defence.} Bf8 11. d5 a5 12. Qd3 {[%emt 0:02:57] [#] White is slightly better.} Nb8 $146 ({Predecessor:} 12... Be7 13. Bb3 Nb6 14. Rad1 c5 15. Nd2 Bd7 16. f4 exf4 17. Bxf4 Nh7 18. Rf1 g5 {1-0 (26) Siigur,J (2466)-Visser,W (1987) ICCF email 2012}) 13. Nd2 Na6 14. Bxa6 Rxa6 15. Nc4 Qc7 16. Rad1 cxd5 17. exd5 Nd7 (17... Nh5 $14) 18. Nb5 $16 Qd8 19. f4 exf4 20. Bxf4 Rxe1+ 21. Rxe1 Nc5 22. Qe3 {[%emt 0:14:34] 0x0.0022293c9e03dp-1022s more active pieces.} ({White should play} 22. Qf3 $16) 22... Nxa4 $11 23. Ncxd6 {[%emt 0:02:58] Pair of Knights!} Bd7 {[%emt 0:01:16] Prevents Qe8. And now ...Bxb5 would win.} (23... Rxd6 $2 24. Nxd6 Nb6 25. Nxc8 Qxc8 26. d6 $18) 24. Kh1 ({Better is} 24. Nxb7 $11 Qc8 25. N5d6 Qxc2 26. b3) 24... Nxb2 $15 {[%emt 0:02:56] Hoping for ...a4.} 25. Qd4 {[%emt 0:02:35] [#]} (25. Rb1 $17 Rb6 26. Rxb2 Bxd6 27. Bxd6 Rxb5 28. Rxb5 Bxb5 29. Qc5) 25... Qh4 $1 $19 26. Qe3 Bxb5 27. Nxb5 Nc4 {[%emt 0:02:04] Prevents d6.} 28. Qg3 Qxg3 29. Bxg3 a4 {[%emt 0:00:15] Strongly threatening ...a3.} 30. Re4 Nd6 (30... Nb6 $19 {and Black stays clearly on top. White must now prevent ...a3.} 31. Re8 Ra5) 31. Nxd6 $17 Bxd6 32. Bxd6 Rxd6 {[%emt 0:00:06] Weighted Error Value: White=0.33/Black=0.11 (very precise)} 1/2-1/2

[Event "Teplice Open 2022"]
[Site "Teplice"]
[Date "2022.06.18"]
[Round "1.8"]
[White "Bullen, Alex"]
[Black "Romanov, Evgeny"]
[Result "0-1"]
[ECO "A50"]
[WhiteElo "2106"]
[BlackElo "2573"]
[Annotator "TA"]
[PlyCount "108"]
[EventDate "2022.06.18"]
[EventType "swiss"]
[EventCountry "CZE"]
[SourceTitle "playchess.com"]
[Source "ChessBase"]
[SourceQuality "1"]
[TimeControl "40/5400+30:1800+30"]

1. d4 Nf6 2. Nf3 b6 3. g3 Bb7 4. Bg2 g6 5. O-O Bg7 6. c4 O-O 7. Nc3 Ne4 8. Nxe4 Bxe4 9. b3 c5 10. Bb2 Nc6 11. e3 d5 12. Qc1 {[%emt 0:03:50] A50: Queen's Fianchetto Defence (1 d4 Nf6 2 c4 b6).} cxd4 13. Nxd4 Nxd4 {[%emt 0:00:26] [#]} 14. exd4 $146 {[%emt 0:10:23] Black is slightly better.} ({Predecessor:} 14. Bxd4 Bxd4 15. exd4 Bxg2 16. Kxg2 dxc4 17. Qxc4 Rc8 18. Qa4 Qd5+ 19. Kg1 Rc7 20. Rfe1 {0-1 (85) Yanchenko,R (2478)-Melkumyan,H (2658) Chess.com INT 2019}) 14... Bxg2 15. Kxg2 Rc8 16. Rd1 dxc4 17. bxc4 Qc7 18. d5 Qxc4 19. Qxc4 Rxc4 20. Bxg7 Kxg7 $17 {[%emt 0:00:03][%mdl 4096] Endgame KRR-KRR} 21. d6 exd6 22. Rxd6 Rfc8 23. Rd7 Ra4 24. Re1 Rxa2 25. Ree7 Rf8 26. Rxa7 Rxa7 27. Rxa7 {[%emt 0:00:05] [#] KR-KR} Rb8 {[%emt 0:00:05] Prevents Rb7.} 28. Kf3 b5 {[%emt 0:00:09][%cal Bb6b5,Bb5b4,Bb4b3,Bb3b2][%mdl 32] Against Ra4} 29. Ke3 (29. Ra3 $17) 29... b4 $19 30. Ra2 Kf6 31. Ra6+ Kg5 32. Kd2 $2 (32. Ra2 {was called for.}) 32... b3 {[%emt 0:00:37] White must now prevent ...b2.} 33. Kc1 b2+ 34. Kb1 f5 35. Ra7 h6 {[%emt 0:00:22] aiming for ...Rb3.} 36. Ra4 {[%emt 0:17:36] [#]} (36. h3 $17) 36... Rb3 $1 {[%emt 0:01:24] And now ...Rf3 would win.} 37. h4+ $2 (37. Rf4) 37... Kh5 38. Rf4 Rb5 {[%emt 0:00:15] Strongly threatening ...g5.} 39. Rd4 $2 (39. Ra4 Re5 40. Ra3) 39... g5 40. hxg5 hxg5 {[%emt 0:01:23] ...Rb3 is the strong threat.} 41. Rc4 Rb3 {[%emt 0:00:53] ( -> ...Rf3)} 42. Rd4 Rf3 43. g4+ fxg4 {[%emt 0:01:20] Black mates.} 44. Rd2 Kh4 45. Kxb2 g3 46. fxg3+ Kxg3 47. Rd8 g4 48. Kc2 Re3 49. Kd2 Re5 50. Rf8 Kg2 51. Rg8 g3 52. Rf8 Kg1 53. Rg8 g2 54. Rf8 Kh2 {[%emt 0:00:58] Black took control after the opening.  Weighted Error Value: White=0.88/Black=0.03 (flawless)} 0-1

[Event "Teplice Open 2022"]
[Site "Teplice"]
[Date "2022.06.18"]
[Round "1.9"]
[White "Sanal, Vahap"]
[Black "Wenner, Tobias"]
[Result "1-0"]
[ECO "B10"]
[WhiteElo "2575"]
[BlackElo "2104"]
[Annotator "TA"]
[PlyCount "60"]
[EventDate "2022.06.18"]
[EventType "swiss"]
[EventCountry "CZE"]
[SourceTitle "playchess.com"]
[Source "ChessBase"]
[SourceQuality "1"]
[TimeControl "40/5400+30:1800+30"]

1. e4 c6 2. Nf3 d5 3. d3 Bg4 4. Qe2 e6 5. Nbd2 Nf6 6. h3 {[%emt 0:00:10] [#] B10: Caro-Kann: 2 d3 and 2 c4.} Bxf3 $146 ({Predecessor:} 6... Bh5 7. g4 dxe4 8. dxe4 Bg6 9. Ne5 Nbd7 10. Nxg6 hxg6 11. Bg2 Qc7 12. Nc4 Nb6 {½-½ (27) Claverie,R (2470)-Leskovar Raimondi,M (2257) Mar del Plata 2012}) 7. Nxf3 c5 8. g3 {[%emt 0:01:11] White has an edge.} Nc6 9. Bg2 Be7 10. O-O O-O 11. e5 Nd7 12. c4 d4 13. h4 Qc7 14. Bf4 Rae8 15. h5 h6 16. Rae1 Qa5 17. a3 f5 $2 {[%emt 0:07:27] A mistake that costs the game.} (17... Rc8 $11) 18. exf6 $1 $18 Bxf6 19. Nh2 e5 (19... Qb6 $142 20. Ng4 Bg5) 20. Bd2 Qd8 21. Qg4 {[%emt 0:00:54] Black must now prevent Bxh6.} Kh8 22. Be4 {[%emt 0:01:42] [#] Qg6 is the strong threat.} Rg8 (22... Be7 $142) 23. Qf5 Nf8 {[%emt 0:00:17] Inhibits Qh7+.} 24. Ng4 $40 {[%emt 0:00:16][%mdl 128] White goes for the king.} Ne7 {[%emt 0:02:53] [#]} (24... Re6 {was worth a try.} 25. b4 Ne7) 25. Nxh6 $1 Nxf5 26. Nf7+ Kh7 27. Nxd8 ({Don't play} 27. Bxf5+ g6 28. hxg6+ (28. Nxd8 gxf5 29. Nxb7 Rb8 $18) 28... Nxg6 29. Nxd8 Bxd8 $18) 27... Rxd8 28. Bxf5+ {[%emt 0:00:04] This bishop pair is nice.} g6 29. Be4 b6 30. g4 Kh8 {[%emt 0:03:08] Weighted Error Value: White=0.12 (very precise) /Black=0.36} 1-0

[Event "Teplice Open 2022"]
[Site "Teplice"]
[Date "2022.06.18"]
[Round "1.10"]
[White "Chval, Zdenek sen."]
[Black "Postny, Evgeny"]
[Result "0-1"]
[ECO "A46"]
[WhiteElo "2103"]
[BlackElo "2563"]
[Annotator "TA"]
[PlyCount "34"]
[EventDate "2022.06.18"]
[EventType "swiss"]
[EventCountry "CZE"]
[SourceTitle "playchess.com"]
[Source "ChessBase"]
[SourceQuality "1"]
[TimeControl "40/5400+30:1800+30"]

1. d4 Nf6 2. Nf3 e6 3. Bf4 c5 4. e3 Qb6 5. b3 Nc6 6. c3 {[%emt 0:04:04] A46: 1 d4 Nf6 2 Nf3 e6: Torre, London and Colle Systems.} d5 7. Nbd2 Nh5 $5 {[%emt 0:05:38][%mdl 4] An interesting side line.} 8. Bg5 {[%emt 0:07:25] [#] The position is equal.} (8. Be5 $5) 8... h6 $146 ({Predecessor:} 8... Be7 9. Bd3 cxd4 10. cxd4 Nb4 11. Qe2 Nxd3+ 12. Qxd3 f6 13. Bh4 g5 14. Bg3 Qc6 {0-1 (44) Furey,C-Guenzel,S CServe email 1995}) 9. Bh4 g5 10. Ne5 $1 cxd4 11. Nxf7 {[%emt 0:16:07] [#]} (11. Qxh5 $11 Nxe5 12. exd4) 11... Nf6 $1 12. Nxh8 $11 {[%emt 0:01:29][%cal Od1c2] Strongly threatening Qc2!} dxc3 {[%emt 0:00:12] [#]} (12... dxe3 $11 {remains equal.} 13. fxe3 (13. Bg3 exd2+ 14. Qxd2 Ne4 $17) 13... Qxe3+ 14. Be2 (14. Qe2 $2 Qxc3 15. Rb1 gxh4 $19) 14... gxh4) 13. Bd3 $2 {[%emt 0:32:23][%mdl 8192] This move loses the game for White.} cxd2+ $19 ({Inferior is} 13... gxh4 14. Nf3 $11) 14. Kf1 gxh4 15. Bg6+ Ke7 {[%emt 0:00:41] Hoping for ...Bg7. Black is clearly winning.} 16. Bd3 Ne5 17. Qxd2 Bg7 {[%emt 0:00:24] Weighted Error Value: White=0.55/Black=0.27 (precise)} 0-1

[Event "Teplice Open 2022"]
[Site "Teplice"]
[Date "2022.06.18"]
[Round "1.11"]
[White "Laurusas, Tomas"]
[Black "Vishal Choudary B"]
[Result "1-0"]
[ECO "A80"]
[WhiteElo "2567"]
[BlackElo "2101"]
[Annotator "TA"]
[PlyCount "61"]
[EventDate "2022.06.18"]
[EventType "swiss"]
[EventCountry "CZE"]
[SourceTitle "playchess.com"]
[Source "ChessBase"]
[SourceQuality "1"]
[TimeControl "40/5400+30:1800+30"]

1. d4 f5 2. Bg5 c6 3. e3 Qb6 4. Qc1 g6 5. Nf3 Bg7 {[#]} 6. Bc4 $146 {A80: Dutch Defence: Unusual White second moves.} ({Predecessor:} 6. Nbd2 Nf6 7. Bc4 d5 8. Bb3 Be6 9. O-O Nbd7 10. c4 O-O 11. Ne5 Rad8 12. Ndf3 {0-1 (36) McKellar,D (1710)-Anderson,M (1937) San Francisco 2016}) 6... d5 7. Bb3 Nd7 8. c4 {[%emt 0:14:52] White is slightly better.} e6 9. O-O Ngf6 10. Nc3 O-O 11. Qc2 Kh8 12. Ne2 Ne4 13. Nf4 Ndf6 14. h4 Ng4 15. Nd3 h6 16. Bf4 (16. c5 $5 Qa5 17. Bf4 $14) 16... Qd8 17. Nfe5 Nxe5 18. Nxe5 Kh7 19. f3 $36 {[%emt 0:05:28][%mdl 2048] White has some pressure.} Nd6 20. cxd5 exd5 {[%emt 0:00:00] [#]} 21. Nxc6 $1 bxc6 22. Qxc6 Nb7 23. h5 (23. Bxd5 Rf6 24. Qc4 Na5 $15) (23. Qxd5 $6 a5 $11) 23... gxh5 24. Rac1 {[%emt 0:15:53] White is much more active.} ({Much worse is} 24. Qxd5 $6 a5 $11) (24. Bxd5 Rf6 25. Qb5 a6 $15) (24. Rfc1 $142) 24... Qh4 $2 {[%emt 0:00:00] This costs Black the game.} (24... a5 $16) 25. Qxd5 $18 {[%emt 0:00:00] [#] Hoping for Rc7.} ({Don't take} 25. Bxd5 $6 Rd8 26. Bf7 Qf6 27. Qxf6 (27. Bxh5 Qe6 $16) 27... Bxf6 $18) 25... a5 $2 (25... Rd8) 26. Rc7 Kh8 27. Rfc1 {[%emt 0:00:00][%cal Oc7g7] Threatening mate with Rxg7!} Rd8 28. Qf7 Qf6 29. Qxf6 Bxf6 30. R1c6 Bg7 31. Be5 {[%emt 0:00:38] Weighted Error Value: White=0.22 (precise) /Black=0.45} 1-0